 Dungeon Crawl Stone Soup version 0.30-a0-743-gbfdf073431 (webtiles) character file.

Game seed: 9735344576622226596

94 FlurksSlurper the Chopper (level 4, -8/34 HPs)
             Began as a Demonspawn Gladiator on Feb 7, 2023.
             Was a Believer of Vehumet.
             Killed by divine providence
             ... invoked by an orc priest
              (12 damage)
             ... on level 3 of the Dungeon.
             The game lasted 00:05:49 (1961 turns).

FlurksSlurper the Chopper (Demonspawn Gladiator)    Turns: 1961, Time: 00:05:49

Health: -8/34      AC: 11    Str: 14    XL:     4   Next: 38%
Magic:  5/5        EV:  7    Int: 12    God:    Vehumet [**....]
Gold:   143        SH:  0    Dex: 14    Spells: 3/4 levels left

rFire   . . .      SeeInvis .    a - +0 war axe
rCold   . . .      Faith    .    (no shield)
rNeg    . . .      Spirit   .    r - +0 chain mail
rPois   .          Reflect  .    c - +0 helmet
rElec   .          Harm     .    (no cloak)
rCorr   .          Rampage  .    (no gloves)
Will    .....                    (no boots) Stlth
                                 (no amulet)
HPRegen 0.25/turn                (no ring)
MPRegen 0.09/turn                (no ring)

@: mighty
A: thin metallic scales 1, ignite blood 1, weakness stinger 1
a: Renounce Religion


You were on level 3 of the Dungeon.
You worshipped Vehumet.
Vehumet was pleased with you.
You visited 1 branch of the dungeon, and saw 3 of its levels.

You collected 143 gold pieces.

Inventory:

Hand Weapons
 a - a +0 war axe (weapon)
Missiles
 d - 3 throwing nets (quivered)
 l - 9 poisoned darts
 x - 4 atropa-tipped darts
Armour
 c - a +0 helmet (worn)
 r - a +0 chain mail (worn)
Jewellery
 t - a ring of ice
Scrolls
 b - a scroll of noise {unknown}
 f - a scroll of silence {unknown}
 g - a scroll of fog {unknown}
 i - 3 scrolls of vulnerability
 j - a scroll of blinking {unknown}
 o - a scroll of brand weapon {unknown}
 p - 2 scrolls of immolation {unknown}
 s - 4 scrolls of identify
 u - a scroll of fear {unknown}
 w - 2 scrolls of enchant weapon {unknown}
 y - a scroll of teleportation {unknown}
Potions
 h - 2 potions of curing {unknown}
 k - 2 potions of might
 m - 2 potions of magic {unknown}
 n - a potion of cancellation {unknown}
 q - a potion of brilliance {unknown}
 v - a potion of haste {unknown}
 z - a potion of heal wounds {unknown}


   Skills:
 * Level 2.4 Fighting
 + Level 3.6 Axes
 * Level 2.0 Throwing
 * Level 0.9 Armour
 + Level 3.0 Dodging
 * Level 0.8 Spellcasting
 * Level 0.9 Summonings


You had 3 spell levels left.
You knew the following spells:

 Your Spells              Type           Power      Damage    Failure   Level
a - Summon Small Mammal   Summ           8%         N/A       99%         1

Your spell library contained the following spells:

 Spells                   Type           Power      Damage    Failure   Level
 Magic Dart               Conj           0%         1d3       100%        1
 Call Canine Familiar     Summ           2%         N/A       100%        3
 Inner Flame              Hex/Fire       0%         N/A       100%        3
 Ozocubu's Armour         Ice            0%         N/A       100%        3
 Summon Guardian Golem    Hex/Summ       1%         N/A       100%        3
 Cause Fear               Hex            0%         N/A       100%        4
 Metabolic Englaciation   Hex/Ice        0%         N/A       100%        5
 Simulacrum               Ice/Necr       0%         N/A       100%        6
 Discord                  Hex            0%         N/A       100%        8


Dungeon Overview and Level Annotations

Branches:
Dungeon (3/15)

Altars:
Vehumet


Innate Abilities, Weirdness & Mutations

You are partially covered in thin metallic scales. (AC +2)
Your demonic aura sometimes causes spilled blood to erupt in flames.
You have a small tail.


Message History

The orc attacks as you move away! The orc barely misses you.
You barely miss the orc. The orc hits you but does no damage.
The orc barely misses you.
You hit the orc.
Your tail-slap misses the orc.
The orc is severely wounded.
The orc closely misses you.
You barely miss the orc. You punch the orc.
You kill the orc!
Vehumet accepts your kill.
You barely miss the orc priest.
Your tail-slap misses the orc priest.
The orc priest is heavily wounded.
The orc priest hits you with a +0 whip.
You closely miss the orc priest.
The orc priest is heavily wounded.
The orc priest mumbles some strange prayers to Beogh against you.
Pain shoots through your body! The orc priest barely misses you.
You hit the orc priest.
The orc priest is severely wounded.
The orc priest completely misses you.
You hit the orc priest but do no damage.
You tail-slap the orc priest, but do no damage.
The orc priest is severely wounded.
The orc priest hits you with a +0 whip.
* * * LOW HITPOINT WARNING * * *
You hit the orc priest. Your punch misses the orc priest.
The orc priest is almost dead.
The orc priest hits you but does no damage.
The orc priest hits you with a +0 whip.
* * * LOW HITPOINT WARNING * * *
It was a potion of might.
You feel very mighty all of a sudden. The orc priest hits you with a +0 whip.
* * * LOW HITPOINT WARNING * * *
Okay, then.
As you read the scroll labelled LAOFUIDEST, it crumbles to dust.
It is a scroll of identify.
i - 3 scrolls of vulnerability The orc priest calls down the wrath of Beogh upon you.
Beogh smites you!
You die...

.....# #.##.# #...#
....#####.##.# #...#
#.....#...##.# #...#
#####+#..>#.#.....<####...#
#.........#.#...##[##.'...#
.....(...##.# #.##....#...#
.......o.o.{#+#....>.######
.........###o...######
......o....+@[..#
#####({o#.##....#
........#....#
#...oo...#....#
#........###### ###.$.....


You could see an orc priest.

Vanquished Creatures
  3 adders
  A worm (D:3)
  3 dart slugs
  2 orcs (D:3)
  6 endoplasms
  3 giant cockroaches
  5 goblins
  6 jackals
  A quokka (D:2)
  3 ball pythons
  6 bats
  3 frilled lizards
  4 kobolds (D:1)
  7 rats
53 creatures vanquished.

Notes
Turn   | Place    | Note
-------+----------+-------------------------------------------
     0 | D:1      | FlurksSlurper the Demonspawn Gladiator began the quest for
                  | the Orb.
     0 | D:1      | Reached XP level 1. HP: 16/16 MP: 1/1
   159 | D:1      | Gained mutation: You have a small tail. [demonic ancestry]
   159 | D:1      | Reached XP level 2. HP: 10/22 MP: 2/2
   413 | D:1      | Found a faded altar of an unknown god.
   435 | D:1      | Prayed at the altar of an unknown god.
   435 | D:1      | Became a worshipper of Vehumet
   435 | D:1      | Reached * piety under Vehumet
   435 | D:1      | Offered knowledge of Freeze by Vehumet.
   523 | D:1      | Learned a level 1 spell: Summon Small Mammal
   865 | D:2      | Gained mutation: Your demonic aura sometimes causes spilled
                  | blood to erupt in flames. [demonic ancestry]
   865 | D:2      | Reached XP level 3. HP: 10/27 MP: 3/3
  1735 | D:3      | Gained mutation: You are partially covered in thin metallic
                  | scales. (AC +2) [demonic ancestry]
  1735 | D:3      | Reached XP level 4. HP: 34/34 MP: 5/5
  1755 | D:3      | Reached ** piety under Vehumet
  1796 | D:3      | Offered knowledge of Magic Dart by Vehumet.
  1961 | D:3      | Killed from afar by an orc priest

Illustrated notes

Levels and vault maps discovered:
D:1:      tarquinn_simple_flora_water_f, layout_rooms,
          dreamdust_ecumenical_altar_statues
D:2:      layout_basic
D:3:      layout_basic

Skill      XL: |  1  2 |
---------------+-------+-----
Dodging        | 3 |  3.0
Axes           | 3 |  3.6
Throwing       | 2 |  2.0
Fighting       | |  2.4
Armour         | |  0.9
Spellcasting   | |  0.8
Summonings     | |  0.9

Action                     |  1- 3 |  4- 6 || total
---------------------------+-------+-------++-------
  Melee: War axe           |   120 |    31 ||   151
         Tailslap          |     9 |     7 ||    16
         Punch             |     1 |     2 ||     3
  Throw: Dart              |       |     1 ||     1
         Javelin           |       |     1 ||     1
    Use: Scroll            |       |     1 ||     1
         Potion            |       |     1 ||     1
 Armour: Leather armour    |    18 |       ||    18
         Chain mail        |    65 |    16 ||    81
         Ring mail         |    15 |       ||    15
  Dodge: Dodged            |    94 |     7 ||   101

Table legend: (Time is in decaauts)
 A = Elapsed time spent in this place.
 B = Non-inter-level travel time spent in this place.
 C = Inter-level travel time spent in this place.
 D = Time resting spent in this place.
 E = Time spent auto-exploring this place.
 F = Levels seen in this place.
 G = Mean time per level.
                   A        B        C        D        E       F      G
               +--------+--------+--------+--------+--------+-----+--------+
         Total |   2012 |   1962 |     50 |    151 |   1246 |   3 |  670.7 |
       Dungeon |   2012 |   1962 |     50 |    151 |   1246 |   3 |  670.7 |
               +--------+--------+--------+--------+--------+-----+--------+

Top non-repeatable levels by time:
     D:2: 1010 daAuts
     D:1: 557 daAuts
     D:3: 443 daAuts
